Map: Chain of Ascension

Players

LilArrin

  • Race: Terran Terran
  • Spawn Location: 11:00

LilArrin

  • Race: Protoss Protoss
  • Spawn Location: 11:00

VOD

Have the link to the VOD?

Description

Time

  • Played on: Feb. 3, 2018, 2:31 a.m.
  • Length: 14:23
Show
View Real Time Build Order
Export as new Build Order

LilArrin Terran 

Build Orders:  

Get SALT Encoding   

  12  0:03  SCV  
  3  0:20  SCV  
  14  0:35  Supply Depot  
  14  0:36  SCV  
  15  0:53  SCV  
  16  1:10  SCV  
  17  1:23  Command Center  
  17  1:28  SCV  
  18  1:45  SCV  
  19  1:50  Barracks  
  19  2:02  SCV  
  20  2:24  Orbital Command  
  20  2:45  Command Center  
  20  3:04  Orbital Command  
  20  3:09  Marine, Bunker  
  20  3:15  SCV  
  20  3:19  Marine  
  22  3:25  Refinery  
  23  3:30  Marine  
  23  3:32  SCV  
  23  3:39  Refinery  
  25  3:40  Marine  
  25  3:44  SCV  
  27  3:54  Barracks  
  27  4:17  Orbital Command  
  27  4:21  SCV  
  27  4:26  Barracks Tech Lab  
  28  4:30  Orbital Command  
  28  4:31  Barracks  
  28  4:38  SCV  
  29  4:54  SCV  
  29  4:56  Factory  
  29  4:59  Barracks Reactor  
  30  5:04  SCV  
  30  5:05  Barracks Tech Lab  
  31  5:10  Supply Depot, SCV  
  31  5:11  Barracks Reactor, SCV  
  33  5:28  SCV  
  33  5:29  SCV  
  34  5:30  SCV  
  36  5:42  Combat Shields  
  36  5:43  Marine  
  37  5:53  Marine  
  37  5:58  Marine x2  
  38  6:02  SCV  
  38  6:03  Medic, SCV  
  38  6:07  Supply Depot  
  38  6:09  Vulture  
  44  6:14  Replenishable Magazine  
  44  6:19  Vulture  
  46  6:20  SCV  
  46  6:25  Supply Depot  
  46  6:29  Vulture  
  49  6:31  Marine x3  
  49  6:32  Marine  
  49  6:38  SCV  
  56  6:40  Vulture, SCV  
  59  6:50  Vulture  
  59  6:56  Medic, Marine, SCV  
  59  6:57  Marine x2  
  66  7:00  Vulture  
  66  7:01  Supply Depot  
  66  7:06  Medic  
  66  7:07  Supply Depot  
  71  7:10  Vulture  
  71  7:14  Cerberus Mines  
  71  7:19  Supply Depot  
  73  7:20  Vulture  
  75  7:30  Marine x2  
  75  7:31  Medic, Marine, Vulture  
  75  7:32  Marine  
  75  7:38  SCV  
  84  7:41  Vulture  
  86  7:59  Marine  
  86  8:00  Medic, Marine  
  86  8:07  SCV x2  
  92  8:13  Supply Depot  
  92  8:17  Stabilizer Medpacks  
  92  8:23  Marine  
  92  8:25  Marine x2  
  93  8:32  SCV  
  93  8:33  Marine, SCV x2  
  93  8:39  Marine x2  
  96  8:44  Factory Reactor  
  98  8:57  Medic  
  100  9:09  Marine  
  56  9:10  Medic, Marine  
  95  9:13  Marine  
  95  9:15  Marine  
  95  9:19  Marine  
  99  9:20  Medic  
  99  9:21  Marine  
  99  9:26  Supply Depot  
  98  9:49  Marine  
  98  9:55  Marine x2  
  98  9:56  Medic  
  103  10:01  Marine  
  103  10:02  Marine  
  103  10:06  Medic  
  103  10:09  Marine  
  107  10:10  Marine  
  107  10:12  Marine x2  
  107  10:16  Marine  
  112  10:24  Marine  
  112  10:29  Marine x2  
  113  10:30  Marine x2  
  113  10:34  Marine  
  113  10:39  Marine  
  117  10:55  Medic, Marine, Supply Depot  
  117  10:56  Marine  
  121  11:00  Marine x2  
  121  11:05  Marine  
  124  11:11  Medic  
  123  11:20  Supply Depot  
  123  11:28  Marine  
  122  11:30  Marine  
  122  11:37  Marine x2  
  124  11:43  Medic, Marine x2  
  124  11:46  Supply Depot  
  129  12:00  Marine  
  129  12:01  Marine  
  129  12:02  Marine  
  129  12:03  Marine  
  129  12:43  Medic, Marine x3  
  121  13:02  Vulture x2  
  121  13:03  Marine x3  
  121  13:04  Medic  
  130  13:12  Vulture  
  130  13:18  Marine x2  
  133  13:52  Marine  
  132  14:01  Marine  
  132  14:04  Marine x2  
  132  14:05  Marine  
  132  14:06  Marine  
Show
View Real Time Build Order
Export as new Build Order

LilArrin Protoss 

Build Orders:  

Get SALT Encoding   

  12  0:07  Probe (Chrono Boost)  
Tags
 
Add a new tag
Caveats
  • Supply blocks, unpowered buildings, or Contaminate may cause inaccurate times.
  • Supply counts are checked every 10 seconds.